 Dungeon Sprint DCSS version 0.22.1-2-g9c5b331 (webtiles) character file.

3434 diana the Imperceptible (level 10, -3/79 HPs)
             Began as a Kobold Assassin on Dec 21, 2018.
             Was a Priest of Okawaru.
             Slain by an orc high priest
             ... wielding a +0 flail
              (10 damage)
             ... in the Dungeon (Sprint III: "The Ten Rune Challenge").
             The game lasted 00:08:15 (986 turns).

diana the Imperceptible (Kobold Assassin)            Turns: 986, Time: 00:08:16

Health: -3/79      AC:  7    Str: 17    XL:     10   Next: 25%
Magic:  10/12      EV: 23    Int: 12    God:    Okawaru [***...]
Gold:   1525       SH:  0    Dex: 19    Spells: 6/12 levels left

rFire    . . .     SeeInvis .   a - +2 dagger
rCold    + . .     Gourm    .   (shield restricted)
rNeg     . . .     Faith    .   n - +2 robe {rC+}
rPois    +         Spirit   .   (no helmet)
rElec    .         Reflect  .   w - +1 cloak
rCorr    .         Harm     .   (no gloves)
MR       .....     NoTele   +   (no boots)
Stlth    ..........             (no amulet)
HPRegen  0.23/turn              (no ring)
MPRegen  0.13/turn              (no ring)

@: berserking, heroism, very quick
A: small, carnivore, frail 1, sense surroundings 1, poison resistance, strong 1,
evolution 2
a: Heroism, Renounce Religion


You were in the Dungeon.
You worshipped Okawaru.
Okawaru was most pleased with you.
You were very full.

You visited 1 branch You collected 1525 gold pieces.

Inventory:

Hand Weapons
 a - a +2 dagger (weapon)
 b - a +0 blowgun
 z - a +4 scimitar of flaming
Missiles
 e - 8 poisoned needles
 f - 2 curare-tipped needles
Armour
 n - a +2 robe of cold resistance (worn)
 w - a +1 cloak (worn)
Wands
 x - a wand of flame (29)
 y - a wand of scattershot (4)
Scrolls
 m - a scroll of blinking
 o - 2 scrolls of immolation {unknown}
 p - 2 scrolls of identify {unknown}
 q - a scroll of remove curse {unknown}
 s - a scroll of enchant armour {unknown}
Potions
 j - a potion of haste
 k - 2 potions of magic
 r - 4 potions of flight
 t - 2 potions of mutation
Miscellaneous
 i - a box of beasts
Comestibles
 g - 4 rations


   Skills:
 + Level 5.5(10.5) Fighting
 - Level 13.5(18.5) Short Blades
 - Level 2.1(7.1) Throwing
 - Level 3.2(8.2) Armour
 - Level 5.0(10.0) Dodging
 - Level 22.8(27) Stealth
 + Level 1.8 Spellcasting
 + Level 1.8 Conjurations
 + Level 1.8 Air Magic
 + Level 2.0 Poison Magic
 * Level 3.4 Invocations


You had 6 spell levels left.
You knew the following spells:

 Your Spells              Type           Power        Failure   Level  Hunger
a - Apportation           Tloc           #.....       28%         1    ##.....
b - Slow                  Hex            #.......     38%         2    ###....
c - Mephitic Cloud        Conj/Pois/Air  #.......     36%         3    ####...

Your spell library contained the following spells:

 Spells                   Type           Power        Failure   Level  Hunger
 Magic Dart               Conj           #...         13%         1    ##.....
 Animate Skeleton         Necr           N/A          28%         1    ##.....
 Confusing Touch          Hex            #.....       28%         1    ##.....
 Summon Small Mammal      Summ           #...         28%         1    ##.....
 Blink                    Tloc           N/A          38%         2    ###....
 Call Imp                 Summ           #.......     38%         2    ###....
 Conjure Flame            Conj/Fire      #.......     50%         3    ####...


Dungeon Overview and Level Annotations

Branches:
Dungeon (1/1)

Altars:
Cheibriados
Dithmenos
Elyvilon
Fedhas
Gozag
Hepliaklqana
Kikubaaqudgha
Makhleb
Nemelex Xobeh
Okawaru
Qazlal
Ru
Sif Muna
Trog
Uskayaw
Vehumet
Wu Jian
Xom
Yredelemnul
Zin
The Shining One
Beogh
Jiyva
Lugonu


Innate Abilities, Weirdness & Mutations

You are small and have problems with some larger weapons.
You are carnivorous and can eat meat at any time.
You are frail. (-10% HP)
You passively map a small area around you.
Your system is resistant to poisons. (rPois)
Your muscles are strong. (Str +2)
You rapidly evolve.


Message History

A red film seems to cover your vision as you go berserk!
You feel yourself moving faster!
You feel mighty! The orc high priest barely misses you.
You hit the orc high priest.
The orc high priest is severely wounded.
You puncture the orc high priest!
The orc high priest is almost dead.
You barely miss the orc high priest.
The orc high priest is almost dead.
The orc high priest hits you but does no damage.
You barely miss the orc high priest.
The orc high priest is almost dead.
You puncture the orc high priest!
The orc high priest is almost dead.
You barely miss the orc high priest. You punch the orc high priest.
The orc high priest is almost dead.
You barely miss the orc high priest.
The orc high priest is almost dead.
The orc high priest hits you with a flail!
You die...

▓▓▓▓▓▓▓▓▓▓ ▓▓▓ ▓▓ <.#..'...♣♣♣♣
♣.############ *$$ ..#..#....♣.♣
♣♣.#___#___#__###$# #'####.....♣♣
♣..#...#__)#._#$.oo .....#....≈.♣
♣♣.###'#'###'##.$.o .....#...≈≈♣♣
♣.#.......)..#.$.o
.....#..≈≈≈≈♣♣♣♣.o.3).....).#.# ,
####'#..≈≈≈≈≈≈..@#...######'#o# ,
.....#.≈≈≈≈≈≈.)..#.⌠.#__#..)#'###
.....#.≈≈≈≈≈.....#...#__#...#o.§≈
.....#.≈≈≈.......#'###__#3..#.#§≈
)#####...........#.))#__#..o'.#§§
.)....[..........#___#__o...#.#.§
▓▓▓▓▓▓▓▓▓▓▓▓▓▓▓▓▓▓▓▓▓▓▓▓▓▓▓▓▓▓▓▓▓
≈ ≈ ***≈ , , ≈ ≈≈, ** ≈ ≈


You could see an orc high priest and a smoke demon.

Vanquished Creatures
  Erica (D)
  A centaur warrior (D)
  An orc sorcerer (D)
  A deep elf mage (D)
  A shadow (D)
  A spatial vortex (D)
  2 orc warriors (D)
  A necrophage (D)
  2 centaurs (D)
  An earth elemental (D)
  A water elemental (D)
  A jelly (D)
  Jessica (D)
  3 orc wizards (D)
  A wizard (D)
  A necromancer (D)
  3 humans (D)
  A kobold demonologist (D)
  A wolf (D)
  2 orcs (D)
  3 rats (D)
30 creatures vanquished.

Vanquished Creatures (others)
  2 draconian scorchers (D)
  A yaktaur (D)
  6 hellions (D)
9 creatures vanquished.

Grand Total: 39 creatures vanquished

Notes
Turn   | Place    | Note
-------+----------+-------------------------------------------
     0 | D        | diana the Kobold Assassin began the quest for the Orb.
     0 | D        | Reached XP level 1. HP: 12/12 MP: 1/1
    12 | D        | Noticed Jessica
    14 | D        | Reached skill level 6 in Stealth
    17 | D        | Killed Jessica
    17 | D        | Reached skill level 5 in Short Blades
    17 | D        | Reached skill level 8 in Stealth
    17 | D        | Reached XP level 2. HP: 17/17 MP: 2/2
    17 | D        | Reached XP level 3. HP: 21/21 MP: 3/3
    56 | D        | Killed a yaktaur
    87 | D        | Reached skill level 9 in Stealth
    98 | D        | Gained mutation: You evolve. [potion of mutation]
    98 | D        | Gained mutation: You are clumsy. (Dex -2) [potion of
                  | mutation]
    98 | D        | Gained mutation: You have large cloven feet. [potion of
                  | mutation]
    99 | D        | Lost mutation: You have large cloven feet. [potion of
                  | mutation]
    99 | D        | Gained mutation: You rapidly evolve. [potion of mutation]
    99 | D        | Gained mutation: You are resistant to hostile enchantments.
                  | (MR+) [potion of mutation]
    99 | D        | Gained mutation: You are resistant to electric shocks.
                  | (rElec) [potion of mutation]
   102 | D        | Lost mutation: You are resistant to hostile enchantments.
                  | (MR+) [potion of mutation]
   102 | D        | Lost mutation: You are resistant to electric shocks.
                  | (rElec) [potion of mutation]
   102 | D        | Lost mutation: You are clumsy. (Dex -2) [potion of
                  | mutation]
   102 | D        | Gained mutation: Your muscles are strong. (Str +2) [potion
                  | of mutation]
   102 | D        | Gained mutation: Your system is resistant to poisons.
                  | (rPois) [potion of mutation]
   102 | D        | Gained mutation: You are frail. (-10% HP) [potion of
                  | mutation]
   102 | D        | Gained mutation: You passively map a small area around you.
                  | [potion of mutation]
   122 | D        | Killed a hellion
   129 | D        | Killed a hellion
   130 | D        | Killed a hellion
   131 | D        | Killed a hellion
   149 | D        | Reached skill level 10 in Stealth
   149 | D        | Reached XP level 4. HP: 16/23 MP: 4/4
   149 | D        | Killed a hellion
   176 | D        | Killed a hellion
   196 | D        | Killed a white draconian scorcher
   249 | D        | Killed a white draconian scorcher
   278 | D        | Noticed a water elemental
   280 | D        | Killed a water elemental
   280 | D        | Reached skill level 11 in Stealth
   280 | D        | Reached XP level 5. HP: 27/27 MP: 5/5
   283 | D        | Found a radiant altar of Vehumet.
   283 | D        | Found a deep blue altar of Sif Muna.
   283 | D        | Found an ancient bone altar of Kikubaaqudgha.
   285 | D        | Reached skill level 12 in Stealth
   298 | D        | Found a glowing silver altar of Zin.
   298 | D        | Found a glowing golden altar of the Shining One.
   298 | D        | Found a white marble altar of Elyvilon.
   299 | D        | Noticed a deep elf mage
   301 | D        | Killed a deep elf mage
   301 | D        | Reached skill level 17 in Stealth
   301 | D        | Reached XP level 6. HP: 31/31 MP: 6/6
   301 | D        | Reached XP level 7. HP: 36/36 MP: 7/7
   312 | D        | Found a hide-covered altar of Uskayaw.
   312 | D        | Found an iron altar of Okawaru.
   313 | D        | Found a roughly hewn altar of Beogh.
   313 | D        | Found a bloodstained altar of Trog.
   313 | D        | Found an ornate altar of the Wu Jian Council.
   313 | D        | Noticed a human
   313 | D        | Noticed a human
   315 | D        | Killed a human
   315 | D        | Reached skill level 18 in Stealth
   316 | D        | Killed a human
   316 | D        | Reached skill level 19 in Stealth
   316 | D        | Reached XP level 8. HP: 39/39 MP: 8/8
   323 | D        | Became a worshipper of Warmaster Okawaru
   350 | D        | Found a basalt altar of Yredelemnul.
   350 | D        | Found a shadowy altar of Dithmenos.
   350 | D        | Found a sacrificial altar of Ru.
   361 | D        | Noticed a shadow
   388 | D        | Killed a shadow
   388 | D        | Reached skill level 20 in Stealth
   583 | D        | Found a blossoming altar of Fedhas.
   583 | D        | Found a stormy altar of Qazlal.
   584 | D        | Found a snail-covered altar of Cheibriados.
   584 | D        | Found a burning altar of Makhleb.
   584 | D        | Found a hazy altar of Hepliaklqana.
   584 | D        | Found a shimmering altar of Xom.
   584 | D        | Found an opulent altar of Gozag.
   584 | D        | Found a sparkling altar of Nemelex Xobeh.
   584 | D        | Found a corrupted altar of Lugonu.
   584 | D        | Found a viscous altar of Jiyva.
   611 | D        | Noticed Erica
   614 | D        | Killed Erica
   614 | D        | Reached * piety under Okawaru
   614 | D        | Reached ** piety under Okawaru
   614 | D        | Reached skill level 22 in Stealth
   614 | D        | Reached XP level 9. HP: 43/43 MP: 9/9
   635 | D        | Noticed a centaur warrior
   637 | D        | Reached skill level 1 in Armour
   639 | D        | Killed a centaur warrior
   639 | D        | Reached *** piety under Okawaru
   640 | D        | Reached XP level 10. HP: 52/52 MP: 6/10
   712 | D        | Noticed an orc high priest
   713 | D        | Noticed an orc sorcerer
   713 | D        | Noticed an orc knight
   762 | D        | Reached skill level 5 in Fighting
   762 | D        | Reached skill level 5 in Dodging
   762 | D        | Reached skill level 1 in Invocations
   773 | D        | Learned a level 1 spell: Apportation
   776 | D        | Learned a level 2 spell: Slow
   780 | D        | Learned a level 3 spell: Mephitic Cloud
   823 | D        | Killed an orc sorcerer
   823 | D        | Reached skill level 1 in Spellcasting
   823 | D        | Reached skill level 1 in Conjurations
   823 | D        | Reached skill level 1 in Air Magic
   971 | D        | Noticed a smoke demon
   986 | D        | Slain by an orc high priest

Skill      XL: |  1  2  3  4  5  6  7  8  9 10 |
---------------+-------------------------------+-----
Short Blades   | 5 6 7 11 13 | 13.5
Stealth        | 8 10 11 17 19 22 | 22.8
Armour         | 3 |  3.2
Dodging        | 4 5 |  5.0
Fighting       | 4 5 |  5.5
Invocations    | 3 |  3.4
Spellcasting   | 1 |  1.8
Conjurations   | 1 |  1.8
Air Magic      | 1 |  1.8
Poison Magic   | 2 |  2.0
Throwing       | |  2.1

Action                   |  1- 3 |  4- 6 |  7- 9 | 10-12 || total
-------------------------+-------+-------+-------+-------++-------
Melee: Dagger            |    22 |     4 |    38 |    77 ||   141
       Punch             |       |       |       |     4 ||     4
 Fire: Blowgun           |     2 |       |       |       ||     2
Invok: Heroism           |       |       |     2 |     4 ||     6
  Use: Potion            |     5 |       |     1 |     3 ||     9
 Stab: Sleeping          |     4 |     4 |    10 |       ||    18
       Distracted        |       |       |       |     2 ||     2
  Eat: Chunk             |     1 |     1 |     5 |       ||     7
Armor: Robe              |     1 |       |     2 |     1 ||     4
Dodge: Dodged            |     9 |       |     5 |    21 ||    35
